 Dungeon Crawl Stone Soup version 0.29.0-4-gdea44cf6ec (webtiles) character file.

Game seed: 811357531952011694

4433 qw the Severer (level 10, 0/132 HPs)
             Began as a Minotaur Berserker on Sept 4, 2022.
             Was a Priest of Trog.
             Killed by mirror damage (6 damage)
             ... on level 7 of the Dungeon.
             The game lasted 00:02:19 (8254 turns).

qw the Severer (Minotaur Berserker)                 Turns: 8254, Time: 00:02:19

Health: 0/132      AC: 17    Str: 27    XL:     10   Next: 14%
Magic:  9/9        EV:  9    Int:  4    God:    Trog [***...]
Gold:   457        SH:  0    Dex:  9    Spells: 9/9 levels left

rFire   . . .      SeeInvis .   Y - +1 war axe
rCold   + . .      Faith    .   (no shield)
rNeg    . . .      Spirit   .   f - +0 chain mail
rPois   .          Reflect  .   (helmet restricted)
rElec   .          Harm     .   (no cloak)
rCorr   +          Rampage  .   (no gloves)
Will    .....      Clarity  +   h - +1 pair of boots of Kiul {rCorr}
Stlth   ..........              (no amulet)
HPRegen 0.32/turn               b - +4 ring of protection
MPRegen 0.11/turn               (no ring)

@: berserking, quick
A: horns 2, retaliatory headbutt, clarity, cold resistance 1, shaggy fur 1
a: Renounce Religion, Berserk, Trog's Hand


You were on level 7 of the Dungeon.
You worshipped Trog.
Trog was most pleased with you.
You visited 1 branch of the dungeon, and saw 7 of its levels.

You collected 457 gold pieces.


Innate Abilities, Weirdness & Mutations

You have a pair of horns on your head.
You reflexively headbutt those who attack you in melee.
You possess an exceptional clarity of mind.
Your flesh is cold resistant. (rC+)
You are covered in fur. (AC +1)


   Skills:
 + Level 8.2 Fighting
 - Level 15.3 Axes
 - Level 1.6 Throwing
 - Level 5.2 Armour
 - Level 2.1 Dodging


You had 9 spell levels left.
You didn't know any spells.
Your spell library was empty.

Inventory:

Hand Weapons
 a - a +5 morningstar
 Y - a +1 war axe (weapon)
Armour
 f - a +0 chain mail (worn)
 h - the +1 pair of boots of Kiul (worn) {rCorr}
   (You acquired it on level 6 of the Dungeon)

   rCorr:     It protects you from acid and corrosion.
 i - a +0 pair of gloves
Jewellery
 b - a +4 ring of protection (left hand)
 e - a ring of resist corrosion
 g - a ring of fire
Scrolls
 c - a scroll of identify
Potions
 d - 3 potions of curing
 j - a potion of attraction {unknown}
 l - 2 potions of might
 n - a potion of mutation
 o - a potion of haste

Dungeon Overview and Level Annotations

Branches:
Dungeon (7/15)             Temple (0/1) D:5

Altars:
Cheibriados
Kikubaaqudgha
Ru
Trog
Wu Jian
Zin

Shops:
D:1 (


Message History

A red film seems to cover your vision as you go berserk!
You feel yourself moving faster!
You feel mighty!
The death knight hits you but does no damage.
Your unstable footing causes you to fumble your attack.
You slash the death knight!
The death knight is lightly wounded.
The death knight hits you with a +2 glaive!!
You slash the death knight!
You headbutt the death knight, but do no damage.
The death knight is moderately wounded.
You hit the death knight. Your headbutt misses the death knight.
The death knight is moderately wounded.
The death knight calls down the wrath of Yredelemnul upon you.
You struggle to resist.
You barely miss the death knight.
The death knight is moderately wounded.
You slice the death knight!!
The death knight is heavily wounded.
The death knight offers itself to Yredelemnul, and fills with unholy energy.
You barely miss the death knight.
The death knight is heavily wounded.
You hit the death knight but do no damage.
You headbutt the death knight!
The death knight is severely wounded.
The death knight reflects your damage back at you!
Your unstable footing causes you to fumble your attack.
The death knight calls down the wrath of Yredelemnul upon you.
Your body is wracked with pain!
You hit the death knight.
You headbutt the death knight, but do no damage.
The death knight is severely wounded.
The death knight reflects your damage back at you!
You hit the death knight. Your headbutt misses the death knight.
The death knight is severely wounded.
The death knight reflects your damage back at you!
The death knight barely misses you.
You slash the death knight! Your headbutt misses the death knight.
The death knight is almost dead.
The death knight reflects your damage back at you!
You die...

.##....#.......#######%##########
.##....#.......#...........#....#
.#.....'.......#...........#....#
.#.....#.......#...........#....#
.......#.<.....#...........#....#
.#####################.###.#....#
...#77.777...777.77#.....#.#....#
77.#7.~.7.~~~)7.~.7#7...7#)##...#
7.# ~~~.#~~~#.~@~.#.7.7.#.##...#
77.# 7.~~~.7.~p7#7...7#......#
...# 77...777.77#.....#......#
.7## ##.## ### ##7)7##......# .7
7777777.7777777 77.77#......# 77
7...........).7#7...7#......# .77
7.77777777777.7#.....#......# 7.7
7.7 7.7#.....####...# ..7 7.7
7.7#.....####...#


You could see a death knight (reflects damage).

Vanquished Creatures
  2 two-headed ogres (D:7)
  Pikel (D:4)
  Eustachio (D:4)
  A wraith (D:7)
  Menkaure (D:4)
  Edmund (D:5)
  5 ice beasts
  A centaur (D:6)
  3 ogres
  2 phantoms
  A lemure (D:4)
  2 bullfrogs
  A kobold brigand (D:4)
  3 scorpions
  6 wights (D:7)
  2 howler monkeys (D:7)
  5 hounds
  3 orc priests
  A gnoll bouda (D:7)
  3 jellies
  2 iguanas
  An orc wizard (D:5)
  3 gnolls (D:7)
  2 adders
  3 white imps
  2 ufetubi
  A worm (D:4)
  2 dart slugs
  22 orcs
  8 ball pythons
  9 endoplasms
  2 giant cockroaches (D:1)
  6 goblins
  3 hobgoblins
  5 jackals
  A quokka (D:4)
  5 bats
  7 frilled lizards
  5 kobolds
  4 rats
138 creatures vanquished.

Vanquished Creatures (others)
  A plant (D:1)
1 creature vanquished.

Grand Total: 139 creatures vanquished

Notes
Turn   | Place    | Note
-------+----------+-------------------------------------------
     0 | D:1      | qw the Minotaur Berserker began the quest for the Orb.
     0 | D:1      | Reached XP level 1. HP: 19/19 MP: 0/0
     0 | D:1      | 0 ||| qw: Version: 0.1-a-103-gd6f5d3a
     0 | D:1      | 0 ||| qw: Game counter: 5698
     0 | D:1      | 0 ||| qw: Always use a shield: true
     0 | D:1      | 0 ||| qw: Do Orc after D:15 true
     0 | D:1      | 0 ||| qw: Do second Lair branch before Depths: true
     0 | D:1      | 0 ||| qw: Lair rune preference: random
     0 | D:1      | 0 ||| qw: Plans: Normal
     0 | D:1      | 0 ||| PLANNING D:1-11
    95 | D:1      | 95 ||| Stepping ~*~*~tactically~*~*~ (stealth).
   101 | D:1      | Reached skill level 4 in Axes
   245 | D:1      | Reached XP level 2. HP: 24/26 MP: 1/1
   695 | D:1      | Found Maf Ofist's Antique Weapon Emporium.
   866 | D:1      | Reached skill level 5 in Axes
  1273 | D:1      | 1273 ||| UPGRADING to +0 leather armour.
  1283 | D:1      | 1283 ||| DROPPING +0 animal skin.
  1284 | D:1      | 1284 ||| UPGRADING to +0 scale mail.
  1294 | D:1      | 1294 ||| DROPPING +0 leather armour.
  1295 | D:1      | 1295 ||| READING scroll labelled XILU UDYAN VA QIOK.
  1296 | D:1      | 1296 ||| READING scroll labelled BEREB TYPPE.
  1297 | D:1      | 1297 ||| READING scroll labelled SORAIVECUO.
  1298 | D:1      | 1298 ||| READING scroll labelled LULASCHUIPA.
  1299 | D:1      | 1299 ||| DRINKING 2 cyan potions.
  1300 | D:1      | 1300 ||| DRINKING 2 red potions.
  1301 | D:1      | 1301 ||| DRINKING 2 fizzy grey potions.
  1322 | D:1      | 1322 ||| DROPPING potion of flight.
  1323 | D:1      | 1323 ||| DROPPING potion of lignification.
  1348 | D:2      | 1348 ||| STAIRDANCE
  1354 | D:2      | Reached XP level 3. HP: 29/31 MP: 2/2
  1375 | D:2      | Found a faded altar of an unknown god.
  1377 | D:2      | 1377 ||| DROPPING +0 club.
  1589 | D:2      | Reached ** piety under Trog
  1806 | D:2      | Identified the +3 dagger of Deformation {pain, rElec rF-
                  | Str+3}
  1913 | D:2      | 1913 ||| UPGRADING to +4 ring of protection.
  1914 | D:2      | 1914 ||| DRINKING 2 fuming dark potions.
  1915 | D:2      | 1915 ||| DROPPING potion of brilliance.
  1941 | D:3      | 1941 ||| STAIRDANCE
  1961 | D:2      | 1961 ||| DROPPING +0 whip.
  1962 | D:2      | 1962 ||| UPGRADING to +0 chain mail.
  1972 | D:2      | 1972 ||| DROPPING +0 scale mail.
  1976 | D:3      | 1976 ||| STAIRDANCE
  1978 | D:2      | 1978 ||| INVOKING Berserk.
  1979 | D:2      | HP: 9/46 [orc priest/divine providence (15)]
  1983 | D:2      | Reached skill level 6 in Axes
  1983 | D:2      | Reached XP level 4. HP: 9/39 MP: 3/3
  2280 | D:3      | Found an ornate altar of the Wu Jian Council.
  2310 | D:3      | 2310 ||| Stepping ~*~*~tactically~*~*~ (stealth).
  2312 | D:3      | 2312 ||| Stepping ~*~*~tactically~*~*~ (hiding).
  2314 | D:3      | 2314 ||| Stepping ~*~*~tactically~*~*~ (hiding).
  2733 | D:3      | 2733 ||| SWAPPING to +0 war axe.
  2742 | D:3      | 2742 ||| DROPPING +0 hand axe.
  2764 | D:3      | 2764 ||| READING 2 scrolls labelled DOEMEWICAFU.
  2767 | D:3      | 2767 ||| DRINKING 2 fuming purple potions.
  2768 | D:3      | 2768 ||| READING 2 scrolls of identify.
  2768 | D:3      | 2768 ||| IDENTIFYING black potion
  2979 | D:4      | 2979 ||| INVOKING Berserk.
  2983 | D:4      | Reached skill level 1 in Throwing
  2983 | D:4      | Reached XP level 5. HP: 45/45 MP: 4/4
  3121 | D:4      | Noticed a lemure
  3134 | D:4      | Killed a lemure
  3198 | D:4      | Noticed Pikel
  3199 | D:4      | 3199 ||| FLEEEEING.
  3200 | D:4      | 3200 ||| FLEEEEING.
  3239 | D:4      | 3239 ||| Stepping ~*~*~tactically~*~*~ (stealth).
  3249 | D:4      | Noticed a lemure
  3250 | D:4      | 3250 ||| INVOKING Berserk.
  3254 | D:4      | Killed Pikel
  3255 | D:4      | Reached skill level 9 in Axes
  3255 | D:4      | Reached XP level 6. HP: 51/51 MP: 5/5
  3255 | D:4      | Reached XP level 7. HP: 57/57 MP: 6/6
  3402 | D:4      | 3402 ||| INVOKING Berserk.
  3535 | D:4      | Noticed Menkaure
  3536 | D:4      | 3536 ||| INVOKING Berserk.
  3537 | D:4      | Killed Menkaure
  3713 | D:4      | 3713 ||| INVOKING Berserk.
  3716 | D:4      | Reached skill level 3 in Armour
  3794 | D:4      | 3794 ||| INVOKING Berserk.
  3796 | D:4      | Reached skill level 10 in Axes
  3946 | D:4      | Reached XP level 8. HP: 50/69 MP: 7/7
  4062 | D:4      | Noticed Eustachio
  4068 | D:4      | 4068 ||| INVOKING Berserk.
  4086 | D:4      | Killed Eustachio
  4087 | D:4      | Reached skill level 6 in Fighting
  4456 | D:5      | Entered Level 5 of the Dungeon
  4467 | D:5      | 4467 ||| STAIRDANCE
  4541 | D:5      | Found a sacrificial altar of Ru.
  4570 | D:5      | Found a bloodstained altar of Trog.
  4615 | D:5      | Found an ancient bone altar of Kikubaaqudgha.
  4671 | D:5      | 4671 ||| Stepping ~*~*~tactically~*~*~ (hiding).
  4672 | D:5      | 4672 ||| Stepping ~*~*~tactically~*~*~ (hiding).
  4678 | D:5      | 4678 ||| INVOKING Berserk.
  4681 | D:5      | Found a staircase to the Ecumenical Temple.
  4688 | D:5      | Reached skill level 11 in Axes
  4732 | D:5      | 4732 ||| Stepping ~*~*~tactically~*~*~ (stealth).
  4733 | D:5      | 4733 ||| Stepping ~*~*~tactically~*~*~ (stealth).
  4804 | D:5      | Found a glowing silver altar of Zin.
  4828 | D:5      | Noticed Edmund
  4829 | D:5      | 4829 ||| INVOKING Berserk.
  4834 | D:5      | Killed Edmund
  4940 | D:5      | 4940 ||| DROPPING +0 flail.
  5311 | D:5      | 5311 ||| READING scroll labelled SISYUKOKIH.
  5516 | D:6      | Reached skill level 12 in Axes
  5742 | D:6      | 5742 ||| INVOKING Berserk.
  6275 | D:6      | Found a snail-covered altar of Cheibriados.
  6593 | D:6      | 6593 ||| Stepping ~*~*~tactically~*~*~ (hiding).
  6596 | D:6      | Reached XP level 9. HP: 79/79 MP: 8/8
  6781 | D:6      | 6781 ||| UPGRADING to ring of resist corrosion.
  6782 | D:6      | 6782 ||| READING scroll labelled USSAOT HIRUI.
  6782 | D:6      | Identified a scroll of acquirement
  6782 | D:6      | 6782 ||| ACQUIRING +1 pair of boots of Kiul {rCorr}
  6782 | D:6      | Acquired the +1 pair of boots of Kiul {rCorr}
  6784 | D:6      | 6784 ||| UPGRADING to +1 pair of boots of Kiul {rCorr}.
  6789 | D:6      | 6789 ||| REMOVING ring of resist corrosion.
  6790 | D:6      | 6790 ||| READING scroll labelled AMAUJI DEGINI.
  6791 | D:6      | 6791 ||| READING scroll labelled FEPLUT HU PODD.
  6792 | D:6      | 6792 ||| DRINKING 2 ruby potions.
  6792 | D:6      | Gained mutation: You are covered in fur. (AC +1) [potion of
                  | mutation]
  6792 | D:6      | Gained mutation: Your flesh is cold resistant. (rC+)
                  | [potion of mutation]
  6792 | D:6      | Gained mutation: You possess an exceptional clarity of
                  | mind. [potion of mutation]
  6793 | D:6      | 6793 ||| READING 2 scrolls of identify.
  6793 | D:6      | 6793 ||| IDENTIFYING fuming black potion
  6794 | D:6      | 6794 ||| DROPPING potion of degeneration.
  6795 | D:6      | 6795 ||| READING scroll of teleportation.
  6850 | D:7      | 6850 ||| DROPPING +0 flail of protection.
  6904 | D:7      | 6904 ||| INVOKING Berserk.
  6915 | D:7      | Reached *** piety under Trog
  7059 | D:7      | Reached skill level 13 in Axes
  7144 | D:7      | 7144 ||| INVOKING Berserk.
  7572 | D:7      | 7572 ||| Stepping ~*~*~tactically~*~*~ (hiding).
  7574 | D:7      | 7574 ||| Stepping ~*~*~tactically~*~*~ (stealth).
  7597 | D:7      | 7597 ||| FLEEEEING.
  7657 | D:7      | 7657 ||| INVOKING Berserk.
  7774 | D:7      | 7774 ||| Stepping ~*~*~tactically~*~*~ (stealth).
  7778 | D:7      | 7778 ||| Stepping ~*~*~tactically~*~*~ (stealth).
  7779 | D:7      | 7779 ||| Stepping ~*~*~tactically~*~*~ (stealth).
  7816 | D:7      | Noticed a two-headed ogre
  7819 | D:7      | 7819 ||| Stepping ~*~*~tactically~*~*~ (stealth).
  7821 | D:7      | 7821 ||| INVOKING Berserk.
  7824 | D:7      | Killed a two-headed ogre
  7825 | D:7      | Reached skill level 14 in Axes
  7883 | D:7      | Noticed a two-headed ogre
  7884 | D:7      | 7884 ||| FLEEEEING.
  7885 | D:7      | 7885 ||| FLEEEEING.
  7889 | D:7      | 7889 ||| FLEEEEING.
  7890 | D:7      | 7890 ||| FLEEEEING.
  7899 | D:7      | 7899 ||| FLEEEEING.
  7900 | D:7      | 7900 ||| FLEEEEING.
  7901 | D:7      | 7901 ||| FLEEEEING.
  7902 | D:7      | 7902 ||| FLEEEEING.
  7904 | D:7      | 7904 ||| FLEEEEING.
  7905 | D:7      | 7905 ||| FLEEEEING.
  7906 | D:7      | 7906 ||| FLEEEEING.
  7910 | D:7      | 7910 ||| INVOKING Berserk.
  7913 | D:7      | Killed a two-headed ogre
  7914 | D:7      | Reached skill level 15 in Axes
  7914 | D:7      | Reached XP level 10. HP: 88/88 MP: 9/9
  8005 | D:7      | 8005 ||| Stepping ~*~*~tactically~*~*~ (stealth).
  8235 | D:7      | Noticed a death knight
  8242 | D:7      | 8242 ||| INVOKING Berserk.
  8244 | D:7      | HP: 22/132 [death knight/+2 glaive (23)]
  8250 | D:7      | HP: 18/132 [mirror damage (5)]
  8252 | D:7      | HP: 8/132 [mirror damage (2)]
  8254 | D:7      | Killed by mirror damage

Levels and vault maps discovered:
D:1:      shiori_arrival_elements, layout_basic, serial_shops, shop,
          serial_forest, infiniplex_forest_lined_ring,
          infiniplex_forest_lined_2, infiniplex_forest_clump_small,
          infiniplex_forest_zigzag_2, infiniplex_forest_lined_3,
          infiniplex_forest_straight_1, infiniplex_forest_corner_1
D:2:      layout_basic, chequers_ecumenical_altar_simple, minmay_misc_feat_tower
D:3:      layout_basic, mainiacjoe_overflow_alcove_1
D:4:      layout_basic, bh_walls_and_bars, uniq_eustachio, uniq_menkaure,
          uniq_pikel
D:5:      layout_loops_cross, amcnicky_altar_gilded,
          mainiacjoe_overflow_catwalk, mainiacjoe_overflow_brackets,
          lemuel_round_altar, minmay_temple_entry_stoned_glass, uniq_edmund
D:6:      layout_layer_cave, old_standard_altar, kennysheep_pointless_box
D:7:      nzn_winding_woodlands_large [nzn_winding_woodlands_5x5_closed_star,
          nzn_winding_woodlands_5x15_jagged,
          nzn_winding_woodlands_5x5_perimeter,
          nzn_winding_woodlands_center_diamonds,
          nzn_winding_woodlands_15x15_boxy_spiral,
          nzn_winding_woodlands_center_triple_pond,
          nzn_winding_woodlands_5x5_open_star,
          nzn_winding_woodlands_5x15_parted, nzn_winding_woodlands_hourglass],
          layout_gridville

Skill      XL: |  1  2  3  4  5  6  7  8  9 |
---------------+----------------------------+-----
Axes           | 4 5 6 9 10 12 15 | 15.3
Throwing       | 1 |  1.6
Fighting       | 5 7 8 |  8.2
Armour         | 3 4 5 |  5.2
Dodging        | |  2.1

Action                   |  1- 3 |  4- 6 |  7- 9 | 10-12 || total
-------------------------+-------+-------+-------+-------++-------
Melee: Hand axe          |    84 |    37 |       |       ||   121
       Headbutt          |     8 |     9 |    28 |     5 ||    50
       War axe           |       |    30 |   178 |    21 ||   229
       Punch             |       |     1 |     5 |       ||     6
Throw: Javelin           |       |    11 |    14 |       ||    25
       Boomerang         |       |       |    17 |       ||    17
Invok: Berserk           |     1 |     2 |    13 |     1 ||    17
  Use: Scroll            |     4 |     2 |     6 |       ||    12
       Potion            |     4 |     1 |     1 |       ||     6
Armor: Animal skin       |     6 |       |       |       ||     6
       Scale mail        |     6 |       |       |       ||     6
       Chain mail        |     6 |    27 |    55 |     3 ||    91
Dodge: Dodged            |    40 |    17 |    54 |     3 ||   114

Table legend:
 A = Non-vault XP
 B = Vault XP
 C = Vault XP percentage of total XP
 D = Non-vault monster count
 E = Vault monster count
 F = Vault count percentage of total count
                 A         B        C        D         E       F
            +---------+---------+-------+---------+---------+-------
      Total |    2153 |    4181 |  66.0 |     115 |      22 |  16.1
            +---------+---------+-------+---------+---------+-------
        D:1 |      40 |       0 |   0.0 |      24 |       0 |   0.0
        D:2 |      82 |       0 |   0.0 |      17 |       0 |   0.0
        D:3 |      49 |       0 |   0.0 |      20 |       0 |   0.0
        D:4 |     446 |    1056 |  70.3 |      19 |       3 |  13.6
        D:5 |     395 |     158 |  28.6 |      13 |       1 |   7.1
        D:6 |     655 |       0 |   0.0 |      10 |       0 |   0.0
        D:7 |     486 |    2967 |  85.9 |      12 |      18 |  60.0
            +---------+---------+-------+---------+---------+-------
